 Dungeon Crawl Stone Soup version 0.30-a0-591-g3c58d2bc28 (webtiles) character file.

Game seed: 18379762720526858906

5784 Angani the Destroyer (level 10, -4/83 HPs)
             Began as a Grey Draconian Reaver on Jan 5, 2023.
             Was a High Priest of the Shining One.
             Slain by a yak (11 damage)
             ... on level 9 of the Dungeon.
             The game lasted 00:19:06 (9359 turns).

Angani the Destroyer (Grey Draconian Reaver)        Turns: 9359, Time: 00:19:06

Health: -4/83      AC: 13    Str: 14    XL:     10   Next: 50%
Magic:  21/21      EV: 10    Int: 19    God:    the Shining One [*****.]
Gold:   335        SH:  6    Dex:  9    Spells: 21/24 levels left

rFire   + . .      SeeInvis .    e - +1 short sword (venom)
rCold   . . .      Faith    +    t - +0 kite shield
rNeg    + + .      Spirit   .    (body armour unavailable)
rPois   .          Reflect  .    (helmet restricted)
rElec   .          Harm     .    (no cloak)
rCorr   .          Rampage  .    (no gloves)
Will    .....                    d - +0 pair of boots
Stlth   +                        x - amulet of faith
HPRegen 0.33/turn                a - ring of protection from fire
MPRegen 0.17/turn                (no ring)

@: glowing
A: AC +12, amphibious, unfitting armour, cold-blooded
a: Renounce Religion, Divine Shield, Cleansing Flame, Summon Divine Warrior


You were on level 9 of the Dungeon.
You worshipped the Shining One.
The Shining One was extremely pleased with you.
You visited 1 branch of the dungeon, and saw 10 of its levels.
You also visited: Sewer and Ossuary.

You collected 551 gold pieces.
You spent 216 gold pieces at shops.

Inventory:

Hand Weapons
 e - a +1 short sword of venom (weapon)
 o - a +2 quarterstaff of speed
 v - a +2 short sword of holy wrath
Missiles
 i - 6 curare-tipped darts (quivered)
Armour
 d - a +0 pair of boots (worn)
 t - a +0 kite shield (worn)
Jewellery
 a - a ring of protection from fire (left hand)
 w - a +4 ring of protection
 x - an amulet of faith (around neck)
Wands
 p - a wand of polymorph (4)
 y - a wand of charming (5)
 z - a wand of flame (44)
Scrolls
 k - 2 scrolls of vulnerability
 m - a scroll of teleportation
 s - 2 scrolls of enchant weapon
 u - a scroll of amnesia {unknown}
Potions
 b - a potion of berserk rage
 c - 2 potions of might
 f - 2 potions of degeneration {unknown}
 g - 3 potions of flight {unknown}
 h - a potion of cancellation
 j - a potion of invisibility {unknown}
 l - 2 potions of attraction {unknown}
 n - 6 potions of curing
 q - 2 potions of magic {unknown}
 r - 4 potions of brilliance {unknown}
 A - 2 potions of lignification


   Skills:
 + Level 5.7 Fighting
 - Level 3.0 Short Blades
 - Level 1.7 Dodging
 - Level 7.8 Spellcasting
 - Level 8.9 Conjurations
 - Level 0.7 Necromancy
 - Level 8.0 Translocations
 + Level 5.1 Invocations


You had 21 spell levels left.
You knew the following spells:

 Your Spells              Type           Power      Damage    Failure   Level
a - Kiss of Death         Conj/Necr      100%       2d13      4%          1
b - Momentum Strike       Conj/Tloc      78%        3d10      1%          2

Your spell library contained the following spells:

 Spells                   Type           Power      Damage    Failure   Level
 Apportation              Tloc           76%        N/A       1%          1
 Hailstorm                Conj/Ice       24%        3d7       16%         3
 Alistair's Intoxication  Tmut/Pois      4%         N/A       100%        5


Dungeon Overview and Level Annotations

Branches:
Dungeon (10/15)            Temple (0/1) D:6           Sewer (visited)
Ossuary (visited)
   Lair: D:8-11         Orc: D:9-12

Altars:
Fedhas
Qazlal
Trog
Vehumet
The Shining One

Shops:
D:4 [!*

Annotations:
D:3 3 runed translucent doors, exclusion: 3 doors, Carabas's ghost, amateur TrGl
D:8 exclusion: 2 doors


Innate Abilities, Weirdness & Mutations

Your dull iron-grey scales are very hard. (AC +12)
You are amphibious.
You cannot fit into any form of body armour.
You are cold-blooded and may be slowed by cold attacks.


Message History

The kobold brigand hits you but does no damage.
The yak gores you.
You hit the yak but do no damage.
The yak looks as sick as possible!
The yak is lightly wounded.
The kobold brigand hits you but does no damage.
You block the yak's attack.
You hit the yak but do no damage.
The yak looks as sick as possible!
The yak is moderately wounded.
You kill the kobold brigand!
The yak gores you but does no damage.
You hit the yak but do no damage.
The yak looks as sick as possible!
The yak is moderately wounded.
The yak gores you but does no damage.
You hit the yak.
You tail-slap the yak, but do no damage.
The yak is heavily wounded.
The yak gores you!
* * * LOW HITPOINT WARNING * * *
You hit the yak but do no damage.
The yak looks as sick as possible!
The yak is heavily wounded.
The yak gores you.
* * * LOW HITPOINT WARNING * * *
You completely miss the yak.
The yak is heavily wounded.
The yak closely misses you.
You hit the yak but do no damage.
The yak looks as sick as possible!
The yak is severely wounded.
The yak gores you.
* * * LOW HITPOINT WARNING * * *
You hit the yak.
The yak looks as sick as possible!
The yak is severely wounded.
The yak gores you.
* * * LOW HITPOINT WARNING * * *
You hit the yak but do no damage.
The yak looks as sick as possible!
The yak is severely wounded.
You block the yak's attack. x2
You hit the yak.
The yak looks as sick as possible!
You tail-slap the yak.
The yak is almost dead.
The yak gores you!
You die...

.............##..
#...........................##..
#...............................
.........>......................
..............................##
..Y...........................
Y......#................##..
#.....#..).#..........###.<
#.<......)@#..........# #..
#.K..[#.##Y#..........# #..
###...[.#.##K#..........###..
#.....[K..##K#............+..
......#..Y####.............##..
.....#......Y...............##..
...###......................###.
...........#....###....####.# #)
...........#.######....####.###.


You could see a yak (extremely poisoned) and 2 kobolds.

Vanquished Creatures
  A troll (D:10)
  2 dream sheep (D:8)
  A shadow (D:9)
  A steam dragon (D:8)
  7 yaks
  A water moccasin (Sewer)
  An orc warrior (D:9)
  2 black bears (D:6)
  An ice beast (D:8)
  A sky beast (D:7)
  3 ogres
  2 centaurs
  6 kobold brigands
  2 bullfrogs
  5 elf zombies (Ossuary)
  2 necrophages
  3 scorpions
  A gnoll sergeant (D:5)
  5 wights
  2 howler monkeys (D:5)
  A centaur zombie (Ossuary)
  A gnoll bouda (D:7)
  2 hounds (D:6)
  4 jellies
  7 orc priests
  7 iguanas
  Jessica (D:3)
  9 orc wizards
  A hound zombie (Ossuary)
  3 mummies (Ossuary)
  17 gnolls
  10 adders
  A shadow imp (D:7)
  2 white imps
  2 adder zombies (Ossuary)
  2 worms (D:2)
  2 dart slugs (D:1)
  23 orcs
  11 ball pythons
  12 bats
  5 endoplasms
  11 giant cockroaches
  A gnoll zombie (Ossuary)
  6 goblins
  5 hobgoblins
  24 kobolds
  3 quokkas
  4 frilled lizards
  3 goblin zombies (Ossuary)
  3 hobgoblin zombies (Ossuary)
  3 jackal zombies (Ossuary)
  5 kobold zombies (Ossuary)
  2 orc zombies (Ossuary)
  3 quokka zombies (Ossuary)
  A rat (D:3)
  6 rat zombies (Ossuary)
252 creatures vanquished.

Vanquished Creatures (others)
  A bullfrog (D:8)
  3 plants (D:7)
4 creatures vanquished.

Grand Total: 256 creatures vanquished

Notes
Turn   | Place    | Note
-------+----------+-------------------------------------------
     0 | D:1      | Angani the Draconian Reaver began the quest for the Orb.
     0 | D:1      | Reached XP level 1. HP: 17/17 MP: 3/3
   133 | D:1      | Found a faded altar of an unknown god.
   146 | D:1      | Reached XP level 2. HP: 21/24 MP: 5/5
   151 | D:1      | Prayed at the altar of an unknown god.
   151 | D:1      | Became a worshipper of the Shining One
   151 | D:1      | Reached * piety under the Shining One
   366 | D:1      | Learned a level 2 spell: Momentum Strike
   696 | D:2      | Reached XP level 3. HP: 29/29 MP: 6/6
   907 | D:2      | Reached skill level 1 in Translocations
  1146 | D:2      | Reached XP level 4. HP: 36/36 MP: 3/8
  1620 | D:3      | Reached XP level 5. HP: 26/41 MP: 5/9
  2032 | D:3      | Found a runed translucent gate.
  2032 | D:3      | Found a runed translucent gate.
  2036 | D:3      | Found a runed translucent gate.
  2037 | D:3      | Noticed Carabas's ghost (amateur TrGl)
  2101 | D:3      | Reached XP level 6. HP: 9/44 MP: 9/11
  2284 | D:3      | Noticed Jessica
  2284 | D:3      | Reached ** piety under the Shining One
  2290 | D:3      | Killed Jessica
  2806 | D:4      | Found Moyn's Assorted Antiques.
  2813 | D:4      | Bought a fizzy inky potion for 19 gold pieces
  2813 | D:4      | Bought a scroll labelled PUELEC JETOUN for 22 gold pieces
  2813 | D:4      | Bought a scroll labelled PUELEC JETOUN for 22 gold pieces
  2813 | D:4      | Bought a metallic clear potion for 19 gold pieces
  2813 | D:4      | Bought a scroll labelled BULUID AFOETO for 22 gold pieces
  2908 | D:4      | Found Baniwkoo's Armour Shop.
  2933 | D:4      | Reached skill level 5 in Conjurations
  3119 | D:4      | Your scales start taking on a dull iron-grey colour.
  3119 | D:4      | Reached XP level 7. HP: 53/55 MP: 13/13
  3269 | D:4      | Found Xyfugroy's Distillery.
  3274 | D:4      | Bought a potion of heal wounds for 70 gold pieces
  3274 | D:4      | Bought a potion of curing for 42 gold pieces
  3670 | D:5      | Entered Level 5 of the Dungeon
  3947 | D:5      | Reached skill level 5 in Spellcasting
  3971 | D:5      | Found a glowing drain.
  3990 | Sewer    | Entered a sewer
  4052 | Sewer    | Reached XP level 8. HP: 27/61 MP: 9/15
  4262 | D:5      | Reached skill level 5 in Translocations
  5064 | D:5      | HP: 2/61 [gnoll sergeant/+4 spear of distortion (14)]
  5506 | D:6      | Found a staircase to the Ecumenical Temple.
  5567 | D:6      | Found a sand-covered staircase.
  5595 | Ossuary  | Entered an ossuary
  5624 | Ossuary  | Reached *** piety under the Shining One
  5694 | Ossuary  | Reached **** piety under the Shining One
  5965 | Ossuary  | Reached XP level 9. HP: 67/67 MP: 18/18
  6463 | D:7      | Reached ***** piety under the Shining One
  7250 | D:7      | You fall into a shaft and drop 3 floors!
  7250 | D:10     | Entered Level 10 of the Dungeon
  7268 | D:10     | Noticed a troll
  7281 | D:10     | Killed a troll
  7653 | D:8      | Found a bloodstained altar of Trog.
  7653 | D:8      | Found a blossoming altar of Fedhas.
  8133 | D:8      | Reached skill level 1 in Invocations
  8382 | D:8      | Found a stormy altar of Qazlal.
  8382 | D:8      | Found a radiant altar of Vehumet.
  8408 | D:8      | Reached XP level 10. HP: 67/74 MP: 21/21
  9074 | D:8      | Reached skill level 5 in Fighting
  9342 | D:9      | Reached skill level 5 in Invocations
  9359 | D:9      | Slain by a yak

Illustrated notes

Levels and vault maps discovered:
D:1:      dpeg_arrival_round_b, layout_rooms,
          shapermc_ecumenical_altar_starsandcircs
D:2:      layout_loops_ring
D:3:      cheibrodos_thug_alley, layout_loops_ring, gammafunk_ghost_split,
          uniq_jessica
D:4:      layout_loops_ring, serial_shops, nicolae_shop_overgrown_old_shop,
          shop, nicolae_shop_stone, nicolae_titane
D:5:      layout_loops_corners, portal_sewer_entry_f
D:6:      layout_basic, minmay_temple_entry_glass,
          nicolae_ossuary_entry_monument
D:7:      layout_basic, serial_bayou_pond_d
D:8:      layout_gridville, grunt_temple_overflow_open, jmf_multi_god_temple,
          chequers_big_river, hangedman_ranch
D:9:      layout_basic, erik_lair_dragon
D:10:     layout_loops_cross, riverfiend_overflow_shadow_ancestor,
          kennysheep_slug_shrine, orc_0_dummy

Skill      XL: |  1  2  3  4  5  6  7  8  9 10 |
---------------+-------------------------------+-----
Translocations | 1 2 3 4 6 8 |  8.0
Spellcasting   | 3 4 5 6 7 |  7.8
Conjurations   | 4 5 6 7 8 |  8.9
Invocations    | 1 5 |  5.1
Fighting       | 5 |  5.7
Short Blades   | |  3.0
Dodging        | |  1.7
Necromancy     | |  0.7

Action                   |  1- 3 |  4- 6 |  7- 9 | 10-12 || total
-------------------------+-------+-------+-------+-------++-------
Melee: Short sword       |   130 |   172 |   443 |   133 ||   878
       Tailslap          |    20 |    34 |   121 |    31 ||   206
       Punch             |       |     2 |     2 |       ||     4
       Quarterstaff      |       |       |   163 |       ||   163
Throw: Dart              |       |       |     7 |       ||     7
 Cast: Momentum Strike   |     5 |    13 |     8 |       ||    26
Invok: Cleansing Flame   |       |       |       |     3 ||     3
  Use: Scroll            |       |     2 |     9 |       ||    11
       Potion            |       |     2 |     4 |       ||     6
Armor: Skin              |    40 |    47 |   297 |    49 ||   433
Dodge: Dodged            |    72 |    74 |   320 |    61 ||   527
Block: Kite shield       |       |       |    79 |    33 ||   112

Table legend: (Time is in decaauts)
 A = Elapsed time spent in this place.
 B = Non-inter-level travel time spent in this place.
 C = Inter-level travel time spent in this place.
 D = Time resting spent in this place.
 E = Time spent auto-exploring this place.
 F = Levels seen in this place.
 G = Mean time per level.
                   A        B        C        D        E       F      G
               +--------+--------+--------+--------+--------+-----+--------+
         Total |   9304 |   9037 |    267 |   1926 |   5003 |  12 |  775.3 |
       Dungeon |   8627 |   8360 |    267 |   1691 |   4927 |  10 |  862.7 |
         Sewer |    234 |    234 |      0 |    135 |     22 |   1 |  234.0 |
       Ossuary |    442 |    442 |      0 |    100 |     54 |   1 |  442.0 |
               +--------+--------+--------+--------+--------+-----+--------+

Top non-repeatable levels by time:
     D:5: 1493 daAuts
     D:8: 1345 daAuts
     D:3: 1318 daAuts
     D:7: 1056 daAuts
     D:4: 901 daAuts
     D:2: 783 daAuts
     D:1: 640 daAuts
     D:9: 503 daAuts
     D:6: 489 daAuts
 Ossuary: 442 daAuts
   Sewer: 234 daAuts
    D:10: 95 daAuts
